 Dungeon Crawl Stone Soup version 0.28.0-49-g6dfe1f597d (webtiles) character file.

Game seed: 13946443139210499985

305 Exodus22XD the Covert (level 6, 32/32 HPs)
             Began as a Kobold Enchanter on May 15, 2022.
             Was a Follower of Nemelex Xobeh.
             Quit the game on level 3 of the Dungeon.
             The game lasted 00:02:29 (2738 turns).

Exodus22XD the Covert (Kobold Enchanter)            Turns: 2738, Time: 00:02:29

Health: 32/32      AC:  2    Str:  5    XL:     6   Next: 66%
Magic:  9/9        EV: 15    Int: 17    God:    Nemelex Xobeh [*.....]
Gold:   43         SH:  5    Dex: 17    Spells: 7/9 levels left

rFire   . . .      SeeInvis .   f - +1 dagger (flame)
rCold   . . .      Faith    .   (no shield)
rNeg    . . .      Spirit   .   b - +0 robe
rPois   .          Reflect  +   (no helmet)
rElec   .          Harm     .   (no cloak)
rCorr   +          Rampage  .   (no gloves)
Will    .....                   (no boots)
Stlth   +++++.....              m - amulet of reflection
HPRegen 0.10/turn               d - ring of resist corrosion
MPRegen 0.11/turn               (no ring)

@: no status effects
A: small, no large weapons, nightstalker 3
a: Renounce Religion, Draw Escape, Draw Destruction, Draw Summoning


You were on level 3 of the Dungeon.
You worshipped Nemelex Xobeh.
Nemelex Xobeh was aware of your devotion.
You visited 1 branch of the dungeon, and saw 3 of its levels.

You collected 63 gold pieces.
You spent 20 gold pieces at shops.

Inventory:

Hand Weapons
 f - a +1 dagger of flaming (weapon)
Armour
 b - a +0 robe (worn)
Jewellery
 d - a ring of resist corrosion (left hand)
 m - an amulet of reflection (around neck)
Wands
 k - a wand of flame (31)
Scrolls
 a - a scroll of teleportation
 e - a scroll of magic mapping {unknown}
 h - 2 scrolls of summoning
 i - a scroll of identify
 l - a scroll of fear {unknown}
Potions
 c - a potion of invisibility
 g - a potion of haste
 j - 2 potions of attraction {unknown}
 n - a potion of heal wounds {unknown}


   Skills:
 - Level 1.3 Short Blades
 - Level 2.4 Dodging
 + Level 9.9 Stealth
 - Level 2.1 Spellcasting
 - Level 3.0 Hexes


You had 7 spell levels left.
You knew the following spells:

 Your Spells              Type           Power      Damage    Failure   Level
a - Ensorcelled Hibernat  Hex/Ice        12%        N/A       16%         2

Your spell library contained the following spells:

 Spells                   Type           Power      Damage    Failure   Level
 Confusing Touch          Hex            12%        N/A       17%         3
 Tukima's Dance           Hex            12%        N/A       17%         3
 Dazzling Flash           Conj/Hex       12%        N/A       30%         3


Dungeon Overview and Level Annotations

Branches:
Dungeon (3/15)

Altars:
Nemelex Xobeh

Shops:
D:1 *


Innate Abilities, Weirdness & Mutations

You are small and have problems with some larger weapons.
You are completely attuned to the shadows.


Message History

You hit the adder. You burn the adder.
The adder is heavily wounded.
The adder closely misses you.
You barely miss the adder.
The adder is heavily wounded.
The adder bites you but does no damage.
You hit the adder. You burn the adder.
The adder is almost dead.
The adder bites you. The adder barely misses you.
You closely miss the adder.
The adder is almost dead.
The adder misses you.
You barely miss the adder.
The adder is almost dead.
The adder bites you.
You hit the adder. You burn the adder.
You kill the adder!
You see here an adder corpse.
HP restored.
Things that are here:
a +0 short sword; 4 stones No target in view!
n - an orange potion No target in view!
No target in view!
Found a hunting sling.
Found a stone staircase leading up.
No target in view!
No target in view!
Found a faded altar of an unknown god.
There is a stone staircase leading up here.
Found a stone staircase leading down.
There is a faded altar of an unknown god here.
You cannot tell which god this altar belongs to.
Convert to them anyway?
Nemelex Xobeh accepts your prayer! Nemelex Xobeh welcomes you!
You can now draw from decks of power.
Nemelex will now gift you decks of power as you gain piety.
Nemelex Xobeh deals you some cards!
You now have 1 escape card, 2 destruction cards and 1 summoning card.
Are you sure you want to abandon this character and quit the game? (Confirm with "yes".)

................#.#
..............###.#
..............#
......####....#
#####.# ##.##...
####.###..# .#.
#........## #
#........#
#..@.....#
#........#
#....).<.#
#........#
#........# .......#
#######


There were no monsters in sight!

Vanquished Creatures
  Sigmund (D:2)
  An ogre (D:3)
  A gnoll (D:1)
  2 adders
  2 dart slugs (D:1)
  3 ball pythons (D:1)
  3 bats (D:1)
  4 giant cockroaches
  6 goblins
  3 hobgoblins
  3 jackals (D:1)
  5 kobolds
  2 quokkas
  5 frilled lizards (D:2)
  8 rats
49 creatures vanquished.

Vanquished Creatures (others)
  21 plants (D:3)
21 creatures vanquished.

Grand Total: 70 creatures vanquished

Notes
Turn   | Place    | Note
-------+----------+-------------------------------------------
     0 | D:1      | Exodus22XD the Kobold Enchanter began the quest for the
                  | Orb.
     0 | D:1      | Reached XP level 1. HP: 10/10 MP: 3/3
   224 | D:1      | Reached XP level 2. HP: 8/15 MP: 5/5
   227 | D:1      | Learned a level 2 spell: Ensorcelled Hibernation
   461 | D:1      | Reached skill level 5 in Stealth
   710 | D:1      | Reached XP level 3. HP: 11/19 MP: 0/6
  1264 | D:1      | Reached skill level 6 in Stealth
  1474 | D:1      | Found Geoliwez's General Store.
  1477 | D:1      | Bought a scroll of identify for 20 gold pieces
  1876 | D:2      | Noticed Sigmund
  1879 | D:2      | Reached XP level 4. HP: 24/24 MP: 7/7
  1885 | D:2      | Killed Sigmund
  1886 | D:2      | Reached skill level 8 in Stealth
  1886 | D:2      | Reached XP level 5. HP: 20/28 MP: 1/8
  1886 | D:2      | Reached XP level 6. HP: 23/32 MP: 1/9
  2153 | D:2      | Reached skill level 9 in Stealth
  2566 | D:3      | Noticed an ogre
  2570 | D:3      | Killed an ogre
  2707 | D:3      | Found a faded altar of an unknown god.
  2737 | D:3      | Prayed at the altar of an unknown god.
  2737 | D:3      | Became a worshipper of Nemelex Xobeh the Trickster
  2737 | D:3      | Reached * piety under Nemelex Xobeh
  2737 | D:3      | Received a gift from Nemelex Xobeh
  2738 | D:3      | Quit the game

Illustrated notes

Levels and vault maps discovered:
D:1:      elethiomel_arrival_diamonds, layout_loops_corners, serial_shops, shop,
          chequers_serial_rivers_marsh
D:2:      layout_basic, minmay_lizard_pond, uniq_sigmund
D:3:      layout_rooms, basic_ecumenical_altar, nicolae_grassy_gnolls, uniq_ijyb

Skill      XL: |  1  2  3  4  5  6 |
---------------+-------------------+-----
Stealth        | 5 6 8 9 |  9.9
Short Blades   | |  1.3
Dodging        | |  2.4
Spellcasting   | |  2.1
Hexes          | |  3.0

Action                   |  1- 3 |  4- 6 || total
-------------------------+-------+-------++-------
Melee: Dagger            |    95 |    52 ||   147
       Punch             |     1 |     2 ||     3
 Cast: Ensorcelled Hiber |     3 |     3 ||     6
  Use: Scroll            |     3 |       ||     3
 Stab: Sleeping          |    16 |     5 ||    21
Armor: Robe              |     7 |     5 ||    12
Dodge: Dodged            |    60 |    41 ||   101
Block: Other             |       |     1 ||     1
